 Dungeon Crawl Stone Soup version 0.27-b1-42-g19c61b19a5 (webtiles) character file.

Game seed: 4833576852913827273

149 pikapanic the Slasher (level 5, -3/43 HPs)
             Began as a Palentonga Fighter on July 29, 2021.
             Killed from afar by an electric eel (4 damage)
             ... with a bolt of electricity
             ... on level 3 of the Dungeon.
             The game lasted 00:06:56 (2226 turns).

pikapanic the Slasher (Palentonga Fighter)          Turns: 2226, Time: 00:06:57

Health: -3/43      AC: 12    Str: 21    XL:     5   Next: 9%
Magic:  5/5        EV:  3    Int:  8    God:
Gold:   109        SH:  9    Dex: 15    Spells: 4/4 levels left

rFire    . . .     SeeInvis +   h - +0 double sword (protect)
rCold    . . .     Faith    .   c - +0 kite shield
rNeg     . . .     Spirit   .   n - +3 chain mail {Will+}
rPois    .         Reflect  .   (no helmet)
rElec    .         Harm     .   (no cloak)
rCorr    .         Rampage  .   e - +0 pair of gloves
Will     +....                  (no barding)
Stlth    ..........             (no amulet)
HPRegen  0.14/turn              i - +6 ring of dexterity
MPRegen  0.09/turn              (no ring)

@: no status effects
A: large, rugged brown scales 3, see invisible, deformed body, roll 1, armoured
tail
a: Rolling Charge


You were on level 3 of the Dungeon.
You visited 1 branch of the dungeon, and saw 3 of its levels.

You collected 109 gold pieces.

Inventory:

Hand Weapons
 a - a +0 long sword
 h - a +0 double sword of protection (weapon)
 j - a +2 whip of venom
 m - a +1 dagger of venom
Armour
 b - a +0 scale mail
 c - a +0 kite shield (worn)
 e - a +0 pair of gloves (worn)
 k - a +0 scale mail
 n - a +3 chain mail of willpower (worn)
Jewellery
 i - a +6 ring of dexterity (left hand)
Wands
 p - a wand of flame (15)
Scrolls
 o - a scroll of identify
Potions
 d - 2 potions of might
 f - a potion of brilliance
 g - a potion of cancellation {unknown}
 l - a potion of curing {unknown}


   Skills:
 + Level 3.6 Fighting
 * Level 4.4 Long Blades
 - Level 2.7 Armour
 - Level 0.2 Dodging
 - Level 2.6 Shields


You had 4 spell levels left.
You didn't know any spells.
Your spell library contained the following spells:

 Spells                   Type           Power      Damage    Failure   Level
 Sublimation of Blood     Necr           0%         N/A       100%        2
 Wereblood                Tmut           0%         N/A       100%        2
 Summon Hydra             Summ           0%         N/A       100%        7


Dungeon Overview and Level Annotations

Branches:
Dungeon (3/15)

Altars:

Annotations:
D:3 1 transporter


Innate Abilities, Weirdness & Mutations

You are completely covered in rugged brown scales. (AC +3, +7% HP)
You have supernaturally acute eyesight. (SInv)
Armour fits poorly on your strangely shaped body.
You can roll at nearby foes to attack.
You have a long armoured tail.


Message History

You roll forward with a clatter of scales!
You slice the endoplasm!!
Your weapon exudes an aura of protection.
You kill the endoplasm!
Found a stone staircase leading down.
There is a stone staircase leading down here.
Found a transporter.
Found 16 sling bullets.
Found a transporter.
Found a stone staircase leading up.
A rat comes into view.
You block the rat's attack. You block the rat's attack. The rat bites you.
Your shield prevents you from hitting the rat.
The rat bites you but does no damage. x2
You hit the rat.
Your weapon exudes an aura of protection.
You kill the rat!
You see here a rat corpse.
You can't go down here!
There is a transporter here.
You enter the transporter and appear at another place.
p - a wand of flame (15)
There are no items here.
You open the door.
The electric eel shoots out a bolt of lightning at you!
The bolt of electricity hits you! x2; The bolt of electricity hits the plant!
The plant begins to die.
There is an open door here.
An electric eel is nearby!
An electric eel is nearby!
A nearby plant withers and dies.
The electric eel shoots out a bolt of lightning at you!
The bolt of electricity hits you! x2
* * * LOW HITPOINT WARNING * * *
The electric eel shoots out a bolt of lightning at you!
The bolt of electricity hits you!
* * * LOW HITPOINT WARNING * * *
The bolt of electricity hits you.
You die...

###+###......#......
#.#≈...≈#......#......
#.#≈...≈#.........>...
#.#≈(..≈#.............
#.#≈.♣.≈#.......######
#.#≈...≈#.......#
#.#≈...≈#.......#
#.#;...;#.##.##.#
#.###@###....##.#
#.#P...≈#..######
#.#8.©.8#..#
#.#######.##
###....©....# #
............# #.#
.........<..###...#
#...........†....#
#........#......##


You could see 2 electric eels.

Vanquished Creatures
  A jelly (D:2)
  Terence (D:2)
  An adder (D:3)
  A worm (D:2)
  3 dart slugs
  An orc (D:3)
  5 endoplasms
  2 giant cockroaches (D:2)
  4 goblins (D:1)
  9 hobgoblins
  4 jackals (D:2)
  10 kobolds
  6 quokkas
  5 ball pythons
  7 bats
  4 frilled lizards
  6 rats
70 creatures vanquished.

Vanquished Creatures (others)
  3 fungi (D:2)
  6 plants
9 creatures vanquished.

Grand Total: 79 creatures vanquished

Notes
Turn   | Place    | Note
-------+----------+-------------------------------------------
     0 | D:1      | pikapanic the Palentonga Fighter began the quest for the
                  | Orb.
     0 | D:1      | Reached XP level 1. HP: 19/19 MP: 1/1
   212 | D:1      | Reached XP level 2. HP: 25/25 MP: 2/2
   571 | D:1      | Reached XP level 3. HP: 20/31 MP: 3/3
   880 | D:1      | Identified a scroll of acquirement
   880 | D:1      | Acquired a +0 double sword of protection
  1225 | D:2      | Reached skill level 3 in Long Blades
  1225 | D:2      | Reached XP level 4. HP: 29/37 MP: 4/4
  1510 | D:2      | Noticed Terence
  1523 | D:2      | Killed Terence
  1533 | D:2      | Reached skill level 4 in Long Blades
  1874 | D:2      | Found a faded altar of an unknown god.
  2110 | D:3      | Reached XP level 5. HP: 42/43 MP: 5/5
  2193 | D:3      | Found a transporter.
  2194 | D:3      | Found a transporter.
  2226 | D:3      | HP: 1/43 [electric eel/bolt of electricity (9)]
  2226 | D:3      | Killed from afar by an electric eel

Illustrated notes

Levels and vault maps discovered:
D:1:      sevenhm_arrival_forest_fort_small_3, layout_rooms, minmay_bisected
D:2:      minmay_skewed_foursquare, layout_loops_ring,
          dreamdust_ecumenical_altar_hidden_monk_grotto, uniq_terence
D:3:      gammafunk_steamed_eel, layout_rooms, marbit_many_paths,
          uniq_crazy_yiuf_cottage

Skill      XL: |  1  2  3  4 |
---------------+-------------+-----
Long Blades    | 3 4 |  4.4
Fighting       | |  3.6
Armour         | |  2.7
Dodging        | |  0.2
Shields        | |  2.6

Action                   |  1- 3 |  4- 6 || total
-------------------------+-------+-------++-------
Melee: Long sword        |    56 |       ||    56
       Tailslap          |     6 |    10 ||    16
       Double sword      |    26 |    71 ||    97
 Abil: Rolling Charge    |    15 |    27 ||    42
  Use: Scroll            |     2 |     2 ||     4
Armor: Scale mail        |    54 |    16 ||    70
       Chain mail        |       |    13 ||    13
Dodge: Dodged            |    23 |    12 ||    35
Block: Kite shield       |    43 |    27 ||    70
       Rpst.: Long sword |     6 |       ||     6
       Double sword      |     1 |     4 ||     5
